 Dungeon Crawl Stone Soup version 0.16.2-2-g470672f (webtiles) character file.

217 monobi the Insei (level 5, -1/54 HPs)
             Began as an Octopode Monk on Sept 4, 2015.
             Slain by Tegg's ghost (10 damage)
             ... in a sewer.
             The game lasted 00:07:17 (2801 turns).

monobi the Insei (Octopode Monk)                    Turns: 2801, Time: 00:07:18

Health: -1/54      AC:  7    Str: 15    XL:     5   Next: 94%
Magic:  5/5        EV: 13    Int: 12    God:
Gold:   250        SH:  0    Dex: 16    Spells: 0 memorised, 4 levels left

rFire  . . .     SeeInvis .       - Unarmed
rCold  . . .     Clarity  .     (no shield)
rNeg   . . .     SustAb   .     (helmet restricted)
rPois  .         Gourm    .     s - amulet of rage
rElec  .         Spirit   .     q - +6 ring of protection
rCorr  .         Warding  .     p - ring of protection from magic
rMut   .         Stasis   .     (no ring)
MR     +....                    (no ring)
Stlth  ..........               (no ring)
                                (no ring)
                                (no ring)
                                (no ring)

@: berserking, very quick, somewhat resistant to hostile enchantments, extremely
unstealthy
A: almost no armour, amphibious, 8 rings, constrict 8, camouflage 1, gelatinous
body 1
a: Evoke Berserk Rage


You were in a sewer.
You were not hungry.

You visited 1 branch of the dungeon, and saw 4 of its levels.
You also visited: Sewer.

You collected 250 gold pieces.

Inventory:

Hand weapons
 l - a cursed -2 dagger
 v - a cursed -3 dagger
Missiles
 r - 2 throwing nets (quivered)
Jewellery
 p - a ring of protection from magic (right tentacle)
 q - a +6 ring of protection (left tentacle)
 s - an amulet of rage (around mantle)
Scrolls
 a - 3 scrolls of remove curse {unknown}
 c - 3 scrolls of immolation
 d - 4 scrolls of identify {unknown}
 e - 2 scrolls of teleportation {unknown}
 g - a scroll of recharging {unknown}
 h - 2 scrolls of enchant armour {unknown}
 m - a scroll of fog {unknown}
 n - a scroll of blinking {unknown}
 o - a scroll of enchant weapon {unknown}
 t - a scroll of noise {unknown}
Potions
 f - 2 potions of restore abilities
 i - a potion of agility {unknown}
 j - a potion of brilliance {unknown}
 k - a potion of haste {unknown}
Comestibles
 b - 4 bread rations
 z - a meat ration


   Skills:
 - Level 3.0 Fighting
 - Level 3.0 Dodging
 - Level 2.6 Stealth
 + Level 6.9 Unarmed Combat


You had 4 spell levels left.
You didn't know any spells.

Dungeon Overview and Level Annotations

Branches:
Dungeon (4/15)
 Temple: D:4-7

Altars:
Okawaru
Xom
The Shining One

Annotations:
D:3 2 runed doors
D:4 DizzySkin's ghost, average MiFi; Natasha Sewer Tegg's ghost, average DsGl


Innate Abilities, Weirdness & Mutations

You cannot wear most types of armour.
You are amphibious.
You can wear up to eight rings at the same time.
You can use your tentacles to constrict many enemies at once.
Your skin changes colour to match your surroundings (Stealth).
Your rubbery body absorbs attacks (AC +1).


Message History

Tegg's ghost barely misses you.
You tentacle-slap Tegg's ghost but do no damage.
You squeeze Tegg's ghost.
Tegg's ghost is heavily damaged.
Tegg's ghost hits you!
* * * LOW HITPOINT WARNING * * *
You tentacle-slap Tegg's ghost but do no damage.
Your squeeze misses Tegg's ghost.
Tegg's ghost is heavily damaged.
Tegg's ghost barely misses you.
Drink which item? (? for menu, Esc to quit)
You feel better. Tegg's ghost closely misses you.
You tentacle-slap Tegg's ghost. Your squeeze misses Tegg's ghost.
Tegg's ghost is heavily damaged.
Tegg's ghost hits you!
* * * LOW HITPOINT WARNING * * *
Use which ability? (? or * to list)
A red film seems to cover your vision as you go berserk!
You feel yourself moving faster!
You feel mighty! Tegg's ghost hits you!
You die...

###############
≈?..≈..≈≈≈.≈..≈
≈≈?.≈..≈≈.≈≈...≈≈ ## ##W#
#.###@## #.#.## #..## ##..# ##
##.#%##.# #.###.#.# ##.###.##
###.#.#
##############≈###############


You could see Tegg's ghost.

Vanquished Creatures
  2 jellies (D:3)
  3 gnolls (D:3)
  4 adders
  A river rat (Sewer)
  3 worms
  2 giant geckos
  An ooze (D:1)
  An orc (D:3)
  3 hobgoblins
  4 kobolds
  2 quokkas
  2 ball pythons
  8 bats
  3 giant cockroaches
  4 giant newts
  2 goblins
  13 jackals
  12 rats
  A sheep (D:3)
  A fungus (D:2)
72 creatures vanquished.

Notes
Turn   | Place    | Note
--------------------------------------------------------------
     0 | D:1      | monobi, the Octopode Monk, began the quest for the Orb.
     0 | D:1      | Reached XP level 1. HP: 16/16 MP: 1/1
   291 | D:1      | Reached XP level 2. HP: 21/21 MP: 2/2
  1015 | D:2      | Reached XP level 3. HP: 4/26 MP: 3/3
  1389 | D:2      | Reached skill level 5 in Unarmed Combat
  1431 | D:2      | Found a glowing golden altar of the Shining One.
  1759 | D:3      | Found a runed door.
  1760 | D:3      | Found a runed door.
  1760 | D:3      | Found a runed door.
  1780 | D:3      | Reached XP level 4. HP: 31/31 MP: 4/4
  1927 | D:3      | Found a runed door.
  1937 | D:3      | Reached skill level 6 in Unarmed Combat
  2017 | D:3      | Reached XP level 5. HP: 18/36 MP: 5/5
  2166 | D:3      | Found a runed door.
  2173 | D:3      | Found a runed door.
  2178 | D:3      | Found a shimmering altar of Xom.
  2564 | D:4      | Found an iron altar of Okawaru.
  2624 | D:4      | Found a glowing drain.
  2628 | D:4      | Noticed Natasha
  2634 | D:4      | Noticed DizzySkin's ghost (average MiFi)
  2635 | D:4      | Noticed a slave
  2636 | D:4      | Noticed a slave
  2638 | Sewer    | Entered a sewer
  2693 | Sewer    | Noticed Tegg's ghost (average DsGl)
  2801 | Sewer    | Slain by Tegg's ghost

Action                   |  1- 3 |  4- 6 || total
-------------------------+-------+-------++-------
Melee: Unarmed           |    82 |    82 ||   164
 Abil: Evoke Berserk Rag |       |     1 ||     1
  Use: Potion            |       |     4 ||     4
       Scroll            |       |     1 ||     1
 Stab: Sleeping          |     8 |    10 ||    18
  Eat: Bread ration      |     1 |       ||     1
       Beef jerky        |       |     1 ||     1
